 Dungeon Crawl Stone Soup version 0.29-a0-559-g359e09b9d1 (webtiles) character file.

Game seed: 14585607512534427604

135007 testman the Meteoric Cataclysm (level 18, 0/171 HPs)
             Began as a Meteoran Fighter on June 10, 2022.
             Was a High Priest of Qazlal.
             Slain by Mara (illusionary)
             ... wielding a +6 demon whip of electrocution
              (11 damage)
             ... on level 4 of the Swamp.
             The game lasted 02:27:50 (11611 turns).

testman the Meteoric Cataclysm (Meteoran Fighter)  Turns: 11611, Time: 02:27:51

Health: 0/171      AC: 24    Str: 31    XL:     18   Next: 39%
Magic:  15/32      EV: 16    Int: 10    God:    Qazlal [*****.]
Gold:   1890       SH: 15    Dex: 16    Spells: 17/17 levels left

rFire   . . .      SeeInvis .   T - +5 demon whip (venom)
rCold   + . .      Faith    .   c - +2 buckler
rNeg    . . .      Spirit   .   z - +1 scale mail {rC+}
rPois   +          Reflect  .   v - +2 hat
rElec   .          Harm     .   d - +2 cloak {rPois}
rCorr   .          Rampage  .   M - +1 pair of gloves
Will    ++...                   N - +1 pair of boots
Stlth   ..........              I - amulet of regeneration
HPRegen 1.18/turn               A - +4 ring of evasion
MPRegen 0.23/turn               K - +6 ring of strength

@: protected from physical damage, glowing, studying Slings, repel missiles
A: sense surroundings 3, otherworldly, glowing, explore regen
a: Renounce Religion, Upheaval, Elemental Force, Disaster Area


You were on level 4 of the Swamp.
You worshipped Qazlal.
Qazlal was extremely pleased with you.
You visited 4 branches of the dungeon, and saw 27 of its levels.

You collected 2364 gold pieces.
You spent 474 gold pieces at shops.

Inventory:

Hand Weapons
 T - a +5 demon whip of venom (weapon)
Missiles
 a - 3 silver javelins
 s - 2 javelins
 t - 21 poisoned darts
 E - 12 boomerangs (quivered)
 Q - 3 boomerangs of dispersal
 Y - 4 curare-tipped darts
Armour
 c - a +2 buckler (worn)
 d - a +2 cloak of poison resistance (worn)
 v - a +2 hat (worn)
 z - a +1 scale mail of cold resistance (worn)
 M - a +1 pair of gloves (worn)
 N - a +1 pair of boots (worn)
Jewellery
 A - a +4 ring of evasion (left hand)
 I - an amulet of regeneration (around neck)
 K - a +6 ring of strength (right hand)
 P - a +4 ring of slaying
 S - a ring of protection from cold
Wands
 g - a wand of flame (34)
 j - a wand of acid (10)
 m - a wand of iceblast (32)
 r - a wand of polymorph (5)
 w - a wand of charming (8)
 y - a wand of paralysis (12)
 H - a wand of mindburst (9)
Scrolls
 e - 2 scrolls of identify
 f - 6 scrolls of teleportation
 k - 4 scrolls of poison
 p - a scroll of brand weapon
 q - 3 scrolls of amnesia
 x - 6 scrolls of fog
 G - a scroll of immolation
 J - 2 scrolls of torment
 O - 6 scrolls of fear
 U - a scroll of magic mapping
Potions
 b - a potion of ambrosia
 h - 2 potions of mutation
 l - 3 potions of might
 n - 5 potions of curing
 o - 8 potions of flight
 u - 4 potions of berserk rage
 B - 3 potions of attraction
 C - a potion of haste
 D - a potion of cancellation
 V - 2 potions of resistance
 Z - a potion of magic
Miscellaneous
 R - a phantom mirror
 W - a condenser vane (inert)
 X - a tin of tremorstones (2/2)


   Skills:
 + Level 17.6 Fighting
 + Level 17.9 Maces & Flails
 - Level 2.0 Throwing
 + Level 13.4 Armour
 - Level 3.1 Dodging
 + Level 12.9 Shields
 + Level 18.9 Invocations
 + Level 9.0 Evocations


You had 17 spell levels left.
You didn't know any spells.
Your spell library contained the following spells:

 Spells                   Type           Power      Damage    Failure   Level
 Magic Dart               Conj           0%         1d3       58%         1
 Call Imp                 Summ           0%         N/A       75%         2
 Sublimation of Blood     Necr           0%         N/A       75%         2
 Wereblood                Tmut           0%         N/A       75%         2
 Conjure Flame            Conj/Fire      0%         6-21      92%         3
 Ignite Poison            Fire/Tmut/Pois 0%         N/A       92%         3
 Mephitic Cloud           Conj/Pois/Air  0%         N/A       92%         3
 Portal Projectile        Hex/Tloc       0%         N/A       92%         3
 Tukima's Dance           Hex            0%         N/A       92%         3
 Sticky Flame             Conj/Fire      0%         2d3       100%        4
 Blade Hands              Tmut           0%         N/A       100%        5
 Summon Hydra             Summ           0%         N/A       100%        7


Dungeon Overview and Level Annotations

Branches:
Dungeon (15/15)            Temple (0/1) D:7            Lair (6/6) D:11
  Swamp (4/4) Lair:4        Snake (0/4) Lair:4        Slime (0/5) Lair:6
    Orc (2/2) D:11            Elf (0/3) Orc:2        Vaults (0/5) D:14
 Depths: D:15

Altars:
Elyvilon
Fedhas
Nemelex Xobeh
Qazlal
Ru
Trog
Vehumet
Wu Jian
Xom
Zin
The Shining One
Beogh
Lugonu

Shops:
D:8 [(   D:11 ?(   D:13 [   Orc:2 *[:!

Portals:
Abyss: Lair:6

Annotations:
Swamp:4 Mara


Innate Abilities, Weirdness & Mutations

You passively map a large area around you.
You are easily found by Zot.
You glow in the dark.
You regain HP and MP as you explore.


Message History

Mara hits you with a +6 demon whip of electrocution!!
* * * LOW HITPOINT WARNING * * *
Okay, then.
Okay, then.
Okay, then.
Okay, then.
Activating: Elemental Force (0% risk of failure)
Press: ? - help, Dir - look around, f - activate
Okay, then.
Okay, then.
Unknown command.
Okay, then.
Okay, then.
Activating: Elemental Force (0% risk of failure)
Press: ? - help, Dir - look around, f - activate Clouds arounds you coalesce and take form!
The bone dragon bites you but does no damage.
You block the bone dragon's attack.
The bone dragon tramples you but does no damage.
Mara hits you with a +6 demon whip of electrocution!
* * * LOW HITPOINT WARNING * * *
Mara blinks!
Unknown command.
You swap places.
Your air elemental fires a burst of electricity at Mara.
The stunning burst hits Mara but does no damage.
Mara is paralysed.
The stunning burst hits your air elemental.
Your air elemental completely resists.
Your air elemental hits Mara.
The bone dragon bites your water elemental.
The bone dragon claws your water elemental.
The bone dragon barely misses your water elemental.
Mara gestures at you.
There is a horrible, sudden wrenching feeling in your soul!
Mara hits you with a +6 demon whip of electrocution!
* * * LOW HITPOINT WARNING * * *
You feel more protected from physical attacks.
You are electrocuted!
You die...

#### ##≈≈##
##§≈≈☼##
##§E°≈).###
##§DE@E≈≈..# *
#§§RRR#≈§.≈#
#≈≈@§#EE#*#...#*
#§≈###≈E## ...
#≈≈ *#§.§## .*
##≈≈ ##○..## , *
,**##○..# ,** ,
##○.## ,, ,
#...## * *


You could see a bone dragon (ally target), 3 Maras, testman's illusion, a
friendly water elemental (summoned) and 5 friendly air elementals.

Vanquished Creatures
  Jorgrun (Orc:1)
  2 thorn hunters
  The ghost of Denysae the Thrower, a journeyman OgAr of Ashenzari (Lair:5)
  An orc warlord (Orc:1)
  An eleionoma (Swamp:1)
  A bunyip (Swamp:1)
  Azrael (Orc:2)
  An ettin (Orc:2)
  14 hydras
  5 boulder beetles
  The ghost of xianbchi the Nimble, a journeyman DsGl of Wu Jian (D:11)
  An ogre mage (D:14)
  A spriggan air mage (Swamp:4)
  A ghost crab (Swamp:4)
  A centaur warrior (D:13)
  A death knight (D:14)
  A catoblepas (D:14)
  4 two-headed ogres
  9 death yaks
  15 alligators
  A deep troll earth mage (D:11)
  2 thrashing horrors (Lair:6)
  4 orc high priests (Orc:2)
  Sonja (Lair:1)
  A dancing weapon (Lair:5)
  Amaemon (D:9)
  3 goliath frogs
  A death drake (Swamp:4)
  2 spriggan druids
  A lindwurm (Lair:6)
  3 spectral hydras (Swamp:4)
  10 orc knights
  Pikel (D:8)
  8 swamp dragons
  2 bog bodies
  A phantasmal warrior (Swamp:4)
  3 ugly things
  3 manticores
  6 orc sorcerers (Orc:2)
  6 cyclopes
  7 will-o-the-wisps
  Maurice (D:8)
  11 elephants
  An orange demon (D:9)
  The ghost of HilariousDeathArtist the Insei, a novice MeTm of Wu Jian (D:7)
  3 smoke demons (Lair:6)
  9 black mambas
  4 swamp worm zombies (Swamp:4)
  2 gargoyles (D:12)
  6 rime drakes
  Psyche (D:8)
  8 cane toads
  A kobold demonologist (D:12)
  9 komodo dragons
  A freezing wraith (D:14)
  3 efreet
  2 ancient zymes (Lair:6)
  2 hydra zombies (Swamp:4)
  3 trolls
  A meliai (shapeshifter) (Lair:6)
  6 meliai
  5 polar bears
  A bloated husk (Swamp:4)
  A queen bee (Lair:4)
  2 spectral swamp dragons (Swamp:4)
  7 tyrant leeches
  4 large abominations (Lair:6)
  5 slime creatures (D:12)
  4 alligator zombies (Swamp:4)
  23 blink frogs
  2 hornets (Swamp:2)
  2 vampires (D:10)
  3 wraiths
  5 wyverns
  6 spriggans
  62 yaks
  A chaos spawn (Lair:6)
  11 basilisks
  4 steam dragons
  2 fire elementals (Orc:2)
  15 vampire mosquitoes
  7 swamp worms
  A warg (Orc:1)
  Edmund (D:4)
  24 water moccasins
  2 hell hounds (Orc:2)
  4 swamp drakes
  3 black bears
  36 orc warriors
  An ogre (shapeshifter) (Lair:6)
  4 swamp dragon zombies (Swamp:4)
  6 ogres
  11 wolves
  6 phantoms
  3 centaurs
  3 kobold brigands
  12 bullfrogs
  2 gnoll sergeants
  2 scorpions
  2 necrophages
  4 wights (D:9)
  8 small abominations (Lair:6)
  29 killer bees
  3 electric eels
  3 howler monkeys
  3 hounds
  18 orc priests
  3 iguanas
  26 orc wizards
  A spectral swamp drake (Swamp:4)
  4 gnolls (D:7)
  A swamp drake zombie (Swamp:4)
  5 adders
  2 river rats (Lair:4)
  A shadow imp (D:8)
  2 ufetubi
  93 orcs
  5 ball pythons
  2 bats (D:2)
  An endoplasm (D:2)
  2 giant cockroaches
  12 goblins
  9 hobgoblins
  8 jackals
  A quokka (D:4)
  3 frilled lizards
  16 kobolds
  5 rats
  6 briar patches (Swamp:1)
776 creatures vanquished.

Vanquished Creatures (collateral kills)
  4 bog bodies
  2 swamp worm zombies (Swamp:4)
  3 yaks (Lair:5)
  An acid dragon (D:10)
  2 ogres (Orc:2)
  2 orc priests (Orc:2)
  4 orcs (Orc:2)
18 creatures vanquished.

Vanquished Creatures (others)
  A ghost crab (Swamp:4)
  A spriggan (Swamp:2)
  A spectral hydra (Swamp:4)
  A cane toad (Lair:6)
  A hornet (Swamp:2)
  A hydra zombie (Swamp:4)
  3 bloated husks
  2 phantoms (Swamp:4)
  3 killer bees (Lair:4)
  An orc wizard (Orc:2)
  3 briar patches (Swamp:1)
  31 foxfires
  13 fungi
  33 plants
95 creatures vanquished.

Grand Total: 889 creatures vanquished

Notes
Turn   | Place    | Note
-------+----------+-------------------------------------------
     0 | D:1      | testman the Meteoran Fighter began the quest for the Orb.
     0 | D:1      | Reached XP level 1. HP: 19/19 MP: 2/2
    91 | D:1      | Reached XP level 2. HP: 26/26 MP: 3/3
   288 | D:2      | Reached XP level 3. HP: 29/31 MP: 4/4
   483 | D:2      | Reached XP level 4. HP: 40/40 MP: 5/5
   603 | D:3      | Reached XP level 5. HP: 31/46 MP: 6/6
   711 | D:4      | Noticed a necrophage
   879 | D:4      | Noticed a phantom
   892 | D:4      | Killed a phantom
   893 | D:4      | Reached skill level 5 in Fighting
   893 | D:4      | Reached skill level 5 in Maces & Flails
   893 | D:4      | Reached XP level 6. HP: 54/56 MP: 7/7
   937 | D:4      | Noticed Edmund
   956 | D:4      | Killed Edmund
   957 | D:4      | Reached XP level 7. HP: 32/62 MP: 8/8
  1010 | D:5      | Entered Level 5 of the Dungeon
  1078 | D:5      | Reached XP level 8. HP: 64/71 MP: 9/9
  1108 | D:5      | You fall into a shaft and drop 2 floors!
  1207 | D:6      | Found a blossoming altar of Fedhas.
  1250 | D:6      | Found a sparkling altar of Nemelex Xobeh.
  1250 | D:6      | Found an ornate altar of the Wu Jian Council.
  1252 | D:6      | Found a stormy altar of Qazlal.
  1261 | D:6      | Found a white marble altar of Elyvilon.
  1310 | D:6      | Became a worshipper of Qazlal Stormbringer
  1408 | D:6      | Reached skill level 1 in Invocations
  1440 | D:5      | Reached skill level 2 in Invocations
  1462 | D:6      | Gained mutation: You passively map the area around you.
                  | [Meteoran growth]
  1462 | D:6      | Reached XP level 9. HP: 71/81 MP: 12/12
  1556 | D:7      | Found a staircase to the Ecumenical Temple.
  1579 | D:7      | Reached skill level 3 in Invocations
  1608 | D:7      | Found a bloodstained altar of Trog.
  1636 | D:7      | Found a sacrificial altar of Ru.
  1713 | D:8      | Found Titer's Antique Armour Shop.
  1723 | D:8      | Reached skill level 4 in Invocations
  1814 | D:8      | Noticed Maurice
  1816 | D:8      | Noticed Psyche
  1848 | D:7      | Noticed a cyclops
  1848 | D:7      | Noticed a cyclops
  1866 | D:7      | Found a runed translucent gate.
  1867 | D:7      | Found a runed translucent gate.
  1867 | D:7      | Noticed HilariousDeathArtist's ghost (novice MeTm)
  1868 | D:7      | Found a runed translucent gate.
  1890 | D:7      | Reached * piety under Qazlal
  1891 | D:7      | Reached skill level 5 in Invocations
  1905 | D:7      | Killed HilariousDeathArtist's ghost
  1906 | D:7      | Reached skill level 10 in Maces & Flails
  1933 | D:7      | Reached skill level 6 in Invocations
  2195 | D:8      | Noticed a brown ugly thing
  2204 | D:8      | Killed a brown ugly thing
  2205 | D:8      | Reached XP level 10. HP: 44/91 MP: 14/16
  2221 | D:8      | Reached skill level 7 in Invocations
  2302 | D:8      | Killed Psyche
  2339 | D:8      | Found Riru's Weapon Shoppe.
  2412 | D:8      | Killed Maurice
  2412 | D:8      | Noticed Pikel
  2413 | D:8      | Reached skill level 10 in Fighting
  2413 | D:8      | Reached skill level 8 in Invocations
  2420 | D:8      | Killed Pikel
  2542 | D:8      | Reached ** piety under Qazlal
  2811 | D:9      | Found a glowing golden altar of the Shining One.
  2866 | D:9      | Reached skill level 1 in Throwing
  2898 | D:9      | Reached skill level 9 in Invocations
  2898 | D:9      | Reached XP level 11. HP: 79/101 MP: 18/18
  2981 | D:10     | Entered Level 10 of the Dungeon
  3169 | D:10     | Identified the +3 flail of Dahecveg {vorpal, rF+}
  3272 | D:10     | Reached skill level 10 in Invocations
  3345 | D:11     | Noticed a boulder beetle
  3346 | D:11     | Found Miaxeocso's Magic Scroll Shoppe.
  3381 | D:10     | Killed a boulder beetle
  3411 | D:11     | Reached *** piety under Qazlal
  3585 | D:12     | Noticed a two-headed ogre
  3595 | D:12     | Killed a two-headed ogre
  3596 | D:12     | Reached skill level 11 in Invocations
  3624 | D:12     | Reached XP level 12. HP: 70/112 MP: 21/21
  3640 | D:12     | Noticed a boulder beetle
  3702 | D:12     | Killed a boulder beetle
  3765 | D:12     | Noticed a soul eater
  3794 | D:13     | Reached skill level 12 in Invocations
  3819 | D:13     | Found Zocem's Armour Emporium.
  3831 | D:13     | Bought a +0 pair of gloves for 58 gold pieces
  3831 | D:13     | Bought a +0 pair of boots for 58 gold pieces
  3911 | D:13     | Noticed a seven-headed hydra
  3925 | D:13     | Killed a seven-headed hydra
  3945 | D:13     | Noticed a centaur warrior
  3952 | D:13     | Killed a centaur warrior
  4062 | D:14     | Noticed a six-headed hydra
  4069 | D:14     | Noticed an ogre mage
  4071 | D:14     | Noticed a two-headed ogre
  4072 | D:14     | Killed a six-headed hydra
  4073 | D:14     | Reached skill level 15 in Maces & Flails
  4074 | D:14     | Paralysed by an ogre mage for 3 turns
  4078 | D:14     | Noticed a two-headed ogre
  4082 | D:14     | Killed a two-headed ogre
  4086 | D:14     | Killed an ogre mage
  4087 | D:14     | Reached skill level 13 in Invocations
  4087 | D:14     | Killed a two-headed ogre
  4097 | D:14     | Found a gate to the Vaults.
  4148 | D:14     | Noticed a death knight
  4155 | D:14     | Reached XP level 13. HP: 122/122 MP: 23/23
  4177 | D:14     | Killed a death knight
  4235 | D:14     | Noticed a catoblepas
  4243 | D:14     | Killed a catoblepas
  4261 | D:15     | Entered Level 15 of the Dungeon
  4271 | D:15     | Noticed a boulder beetle
  4292 | D:15     | Killed a boulder beetle
  4536 | D:11     | Reached skill level 5 in Armour
  4548 | D:11     | Reached **** piety under Qazlal
  4554 | D:11     | Found a staircase to the Orcish Mines.
  4557 | D:11     | Found Rog Uno's Weapon Boutique.
  4582 | D:11     | Bought a scroll of identify for 24 gold pieces
  4582 | D:11     | Bought a scroll of identify for 24 gold pieces
  4605 | D:11     | Found a transporter.
  4605 | D:11     | Noticed a two-headed ogre
  4606 | D:11     | Noticed a deep troll earth mage
  4608 | D:11     | Noticed xianbchi's ghost (journeyman DsGl)
  4678 | D:10     | Found a glowing silver altar of Zin.
  4705 | D:10     | Found a radiant altar of Vehumet.
  5001 | D:9      | Found a shimmering altar of Xom.
  5005 | D:9      | Noticed Amaemon
  5015 | D:9      | Reached skill level 14 in Invocations
  5024 | D:9      | Killed Amaemon
  5615 | D:11     | Found a staircase to the Lair.
  5618 | D:11     | Found a transporter.
  5634 | Lair:1   | Entered Level 1 of the Lair of Beasts
  5666 | Lair:1   | Noticed a six-headed hydra
  5677 | Lair:1   | Killed a six-headed hydra
  5889 | Lair:2   | Reached skill level 1 in Evocations
  5968 | Lair:2   | Reached skill level 5 in Shields
  5984 | Lair:2   | Reached XP level 14. HP: 133/133 MP: 25/25
  6248 | Lair:3   | Reached ***** piety under Qazlal
  6338 | Lair:3   | Reached skill level 15 in Invocations
  6791 | Lair:4   | Reached skill level 5 in Evocations
  6803 | Lair:4   | Reached skill level 15 in Fighting
  6939 | Lair:4   | Reached XP level 15. HP: 141/141 MP: 27/27
  7011 | Lair:4   | Found a staircase to the Swamp.
  7167 | Lair:4   | Reached ****** piety under Qazlal
  7220 | Lair:4   | Reached skill level 16 in Invocations
  7394 | Lair:5   | Found a runed translucent door.
  7394 | Lair:5   | Found a shimmering altar of Xom.
  7394 | Lair:5   | Noticed Denysae's ghost (journeyman OgAr)
  7832 | Lair:6   | Entered Level 6 of the Lair of Beasts
  7870 | Lair:6   | Reached skill level 10 in Armour
  8152 | Lair:6   | Reached XP level 16. HP: 151/151 MP: 29/29
  8183 | Lair:6   | Reached skill level 17 in Invocations
  8207 | Lair:6   | Reached skill level 10 in Shields
  8356 | Lair:6   | Found a corrupted altar of Lugonu.
  8356 | Lair:6   | Found a one-way gate to the infinite horrors of the Abyss.
  8557 | Lair:6   | Found a staircase to the Slime Pits.
  8864 | Lair:5   | Killed Denysae's ghost
  8865 | Lair:5   | Reached skill level 1 in Dodging
  8903 | Lair:4   | Found a staircase to the Snake Pit.
  9072 | Lair:1   | Noticed Sonja
  9080 | Lair:1   | Killed Sonja
  9165 | D:11     | Killed xianbchi's ghost
  9209 | Orc:1    | Entered Level 1 of the Orcish Mines
  9224 | Orc:1    | Found a transporter.
  9249 | Orc:1    | Found a transporter.
  9249 | Orc:1    | Found an ornate altar of the Wu Jian Council.
  9249 | Orc:1    | Noticed an orc warlord
  9393 | Orc:1    | Found a transporter.
  9397 | Orc:1    | Found an ornate altar of the Wu Jian Council.
  9398 | Orc:1    | Found a transporter.
  9461 | Orc:1    | Killed an orc warlord
  9560 | Orc:2    | Entered Level 2 of the Orcish Mines
  9710 | Orc:1    | Found a runed translucent door.
  9718 | Orc:1    | Noticed Jorgrun
  9728 | Orc:1    | Killed Jorgrun
  9872 | Orc:2    | Noticed Azrael
  9888 | Orc:2    | Killed Azrael
  9889 | Orc:2    | Reached XP level 17. HP: 33/160 MP: 21/30
  9941 | Orc:2    | Found a staircase to the Elven Halls.
 10102 | Orc:2    | Reached skill level 18 in Invocations
 10140 | Orc:2    | Found Xyumipnu's Distillery.
 10140 | Orc:2    | Found Ylala's General Store.
 10143 | Orc:2    | Found Cyoseid's Book Boutique.
 10149 | Orc:2    | Found Lociqic's Antique Armour Boutique.
 10184 | Orc:2    | Bought a potion of heal wounds for 75 gold pieces
 10184 | Orc:2    | Bought a potion of resistance for 150 gold pieces
 10196 | Orc:2    | Bought a potion of heal wounds for 85 gold pieces
 10369 | Swamp:1  | Entered Level 1 of the Swamp
 10476 | Swamp:1  | Noticed a thorn hunter
 10490 | Swamp:1  | Killed a thorn hunter
 11077 | Swamp:4  | Entered Level 4 of the Swamp
 11121 | Swamp:4  | Gained mutation: You passively map a large area around you.
                  | [Meteoran growth]
 11121 | Swamp:4  | Reached XP level 18. HP: 73/170 MP: 24/32
 11191 | Swamp:4  | Noticed a thorn hunter
 11205 | Swamp:4  | Killed a thorn hunter
 11595 | Swamp:4  | Noticed Mara
 11599 | Swamp:4  | Noticed a bone dragon
 11611 | Swamp:4  | Slain by Mara (illusionary)

Illustrated notes

Levels and vault maps discovered:
D:1:      lemuel_arrival_broad_hall, layout_basic,
          ebering_ecumenical_altar_abandoned, minmay_stone_trees_medium,
          chequers_serial_rivers_micro_c, grunt_decor_cap,
          chequers_serial_rivers_small_a
D:2:      layout_basic, hangedman_abyss_or_decor_stabs
D:3:      cheibrodos_greedy_goblins, layout_basic
D:4:      layout_rooms, led_sif_pool, old_standard_altar, serial_shops,
          nicolae_square_shop, uniq_edmund
D:5:      layout_rooms, minmay_divided_ellipse
D:6:      kb_forest_paths, layout_rooms, nicolae_overflow_quartered_altars,
          mainiacjoe_overflow_alcove_1
D:7:      layout_basic, nicolae_ru_sacrificial_ziggurat,
          mainiacjoe_overflow_boulevard, minmay_temple_entry_mini_moons,
          biasface_ghost_orc_armoury, interstate_on_off,
          chequers_serial_rivers_micro_a, lightli_corner_chamber
D:8:      layout_rooms, serial_shops, nicolae_shop_bloodbath_and_beyond,
          nicolae_shop_crystal, hangedman_glass_teeth, minmay_microvault,
          uniq_maurice, uniq_psyche, uniq_pikel
D:9:      layout_basic, mainiacjoe_overflow_surrounded_room,
          mainiacjoe_overflow_brackets, kennysheep_generic_room_10, uniq_amaemon
D:10:     layout_cave_pools, minitemple, lemuel_flamethrower_2
D:11:     minmay_distorted_concentric_squares, layout_stronghold,
          lair_entry_dummy, orc_david_3, serial_shops, shop,
          gammafunk_ghost_arena
D:12:     layout_rooms
D:13:     layout_basic, serial_shops, shop
D:14:     layout_cave_pods, david_vaults_2, minmay_diced_spiral
D:15:     gammafunk_enter_depths_forms, layout_cave_pods, special_room
          [special_room_bee]
Lair:1:   layout_layer_cave, uniq_sonja
Lair:2:   layout_loops_ring
Lair:3:   layout_regular_city, columned_hall_lemuel, cheibrodos_lair_lostbears,
          grunt_megastairs_2, serial_bayou_shore_b
Lair:4:   regret_index_wax_grids, layout_misc_corridors, swamp_mist_pool,
          minmay_snake_entry_six_corridors, serial_rivers,
          chequers_serial_rivers_small_a, chequers_serial_rivers_small_a,
          chequers_serial_rivers_marsh, chequers_serial_rivers_micro_a,
          beast_lair_carwin_11, infiniplex_staircase_pool
Lair:5:   layout_cave_pods, ebering_ghost_xom, nicolae_quartered_pool_super,
          chequers_serial_rivers_large_b
Lair:6:   hellmonk_lair_end_abyssal_woods, layout_layer_cave, slime_dummy,
          guppyfry_lair_drakes, serial_bayou_shore_b, grunt_megastairs_4
Swamp:1:  layout_basic_swamp, evilmike_swamp_ruin_house_1
Swamp:2:  layout_falls_marsh, evilmike_swamp_ruin_house_2
Swamp:3:  layout_basic_swamp, gammafunk_ghost_grave,
          nicolae_swamp_very_dense_foliage, nicolae_swamp_hydra_murder_den
Swamp:4:  swamp_pestilence, layout_basic_swamp, swamp_pool5, uniq_mara
Orc:1:    dreamdust_wu_jian_sword_trials, layout_caves, lightli_church_of_beogh,
          uniq_jorgrun
Orc:2:    st_orc_elflike, layout_diamond_mine, basic_altar, bh_open_orc_temple,
          uniq_azrael

Skill      XL: |  1  2  3  4  5  6  7  8  9 10 11 12 13 14 15 16 17 18 |
---------------+-------------------------------------------------------+-----
Maces & Flails | 3 4 5 6 7 9 10 12 13 15 16 17 | 17.9
Armour         | 4 6 8 10 12 13 | 13.4
Shields        | 4 5 7 9 11 12 | 12.9
Fighting       | 4 5 6 7 9 10 12 13 14 15 16 17 | 17.6
Invocations    | 2 6 9 11 13 14 15 16 17 18 | 18.9
Throwing       | 1 2 |  2.0
Evocations     | 1 5 6 8 9 |  9.0
Dodging        | 3 |  3.1

Action                   |  1- 3 |  4- 6 |  7- 9 | 10-12 | 13-15 | 16-18 || total
-------------------------+-------+-------+-------+-------+-------+-------++-------
Melee: Flail             |    84 |    65 |   232 |    58 |       |       ||   439
       Morningstar       |       |    61 |     7 |   330 |   146 |       ||   544
       Demon whip        |       |       |       |       |   783 |  1014 ||  1797
Throw: Javelin           |       |       |     2 |    13 |     1 |    13 ||    29
       Boomerang         |       |       |       |     5 |     4 |     3 ||    12
       Dart              |       |       |       |     6 |       |     1 ||     7
Invok: Upheaval          |       |       |       |     1 |     1 |    16 ||    18
       Elemental Force   |       |       |       |       |     1 |     5 ||     6
       Disaster Area     |       |       |       |       |     1 |     3 ||     4
Evoke: Wand              |       |       |       |       |       |     1 ||     1
       Condenser vane    |       |       |       |       |       |     1 ||     1
  Use: Scroll            |       |       |     9 |     8 |    16 |     5 ||    38
       Potion            |       |       |     2 |     1 |     1 |     6 ||    10
 Stab: Paralysed         |       |       |       |       |     3 |     8 ||    11
Armor: Scale mail        |    60 |    93 |   149 |   175 |   256 |   283 ||  1016
       Skin              |       |       |       |     8 |       |       ||     8
Dodge: Dodged            |    36 |    58 |   109 |   161 |   269 |   235 ||   868
       Repelled          |       |       |       |       |     3 |     9 ||    12
Block: Buckler           |    21 |    49 |    65 |   142 |   466 |   637 ||  1380
       Kite shield       |       |       |       |       |    11 |       ||    11

Table legend: (Time is in decaauts)
 A = Elapsed time spent in this place.
 B = Non-inter-level travel time spent in this place.
 C = Inter-level travel time spent in this place.
 D = Time resting spent in this place.
 E = Time spent auto-exploring this place.
 F = Levels seen in this place.
 G = Mean time per level.
                   A        B        C        D        E       F      G
               +--------+--------+--------+--------+--------+-----+--------+
         Total |  10913 |   8701 |   2212 |    103 |   2391 |  27 |  404.2 |
       Dungeon |   5715 |   5059 |    656 |     15 |   1361 |  15 |  381.0 |
          Lair |   3140 |   2305 |    835 |      0 |    882 |   6 |  523.3 |
         Swamp |   1117 |    897 |    220 |     88 |    131 |   4 |  279.2 |
  Orcish Mines |    940 |    440 |    500 |      0 |     17 |   2 |  470.0 |
               +--------+--------+--------+--------+--------+-----+--------+

Top non-repeatable levels by time:
    D:11: 777 daAuts
  Lair:6: 736 daAuts
  Lair:4: 696 daAuts
     D:9: 682 daAuts
  Lair:5: 638 daAuts
     D:8: 630 daAuts
     D:7: 597 daAuts
    D:10: 562 daAuts
   Orc:1: 507 daAuts
  Lair:3: 470 daAuts
 Swamp:4: 459 daAuts
     D:2: 451 daAuts
   Orc:2: 432 daAuts
 Swamp:1: 401 daAuts
     D:6: 378 daAuts
